 Dungeon Crawl Stone Soup version 0.28-a0-1486-g8196b01e9b (webtiles) character file.

Game seed: 7991837508962864112

153 Nattfarinn the Sneak (level 5, -1/48 HPs)
             Began as a Kobold Brigand on Jan 12, 2022.
             Was an Initiate of Ashenzari.
             Succumbed to a water moccasin's poison
             ... on level 4 of the Dungeon.
             The game lasted 00:10:19 (3488 turns).

Nattfarinn the Sneak (Kobold Brigand)               Turns: 3488, Time: 00:10:20

Health: -1/48      AC: 22    Str:  8    XL:     5   Next: 61%
Magic:  14/14      EV:  3    Int: 12    God:    Ashenzari [......]
Gold:   94         SH:  0    Dex: 19    Spells: 4/4 levels left

rFire   . . .      SeeInvis .   a - +2 dagger (freeze)
rCold   . . .      Faith    .   (no shield)
rNeg    . . .      Spirit   .   (armour currently unavailable)
rPois   +          Reflect  .   (helmet currently unavailable)
rElec   .          Harm     .   (cloak currently unavailable)
rCorr   .          Rampage  .   (gloves currently unavailable)
Will    .....      NoTele   +   (boots currently unavailable)
Stlth   ++++......              j - amulet of the acrobat
HPRegen 0.16/turn               q - ring of magical power
MPRegen 0.14/turn               (no ring)

@: brilliant, lethally poisoned (-1 -> -8), tree-form
A: stationary, stasis, torment immunity, boosted hp, small, no large weapons,
nightstalker 3, wild magic 1
a: Renounce Religion


You were on level 4 of the Dungeon.
You worshipped Ashenzari.
Ashenzari was noncommittal.
You were a tree.
You visited 1 branch of the dungeon, and saw 4 of its levels.

You collected 118 gold pieces.
You spent 24 gold pieces at shops.

Inventory:

Hand Weapons
 a - a +2 dagger of freezing (weapon)
 k - a +2 short sword of draining
Missiles
 d - 16 poisoned darts (quivered)
Armour
 b - a +0 robe (melded)
 c - a +0 cloak
 o - a +2 cloak (melded)
Jewellery
 j - an amulet of the acrobat (around neck)
 q - a ring of magical power (left branch)
Scrolls
 i - 2 scrolls of identify
Potions
 g - a potion of cancellation
 n - a potion of mutation


   Skills:
 + Level 2.9 Fighting
 * Level 5.8 Short Blades
 + Level 2.6 Throwing
 - Level 1.2 Dodging
 * Level 6.0 Stealth


You had 4 spell levels left.
You didn't know any spells.
Your spell library contained the following spells:

 Spells                   Type           Power      Damage    Failure   Level
 Magic Dart               Conj           0%         1d3       41%         1
 Searing Ray              Conj           0%         2d4       54%         2
 Fulminant Prism          Conj/Hex       0%         3d6       98%         4


Dungeon Overview and Level Annotations

Branches:
Dungeon (4/15)
 Temple: D:4-7

Altars:
Ashenzari
Gozag

Shops:
D:2 *


Innate Abilities, Weirdness & Mutations

You are a tree.
Your roots penetrate the ground, keeping you stationary.
You cannot be teleported.
You are immune to unholy pain and torment.
Your maximum health is greatly increased.
Your equipment is partially melded.
You are small and have problems with some larger weapons.
You are completely attuned to the shadows.
Your spells are a little harder to cast, but a little more powerful.


Message History

The water moccasin bites you.
* * * LOW HITPOINT WARNING * * *
You feel better.
The water moccasin bites you but does no damage.
It was a potion of mutation.
You feel extremely strange.
You feel less in control of your magic. The water moccasin bites you.
* * * LOW HITPOINT WARNING * * *
You are lethally poisoned!
The water moccasin poisons you! The water moccasin misses you.
It was a potion of brilliance.
You feel clever all of a sudden.
* * * LOW HITPOINT WARNING * * *
You feel very sick. The water moccasin misses you.
It was a potion of lignification.
You turn into a tree.
Your +2 cloak melds into your body.
Your +0 robe melds into your body.
Your roots penetrate the ground.
* * * LOW HITPOINT WARNING * * *
You feel very sick. The water moccasin barely misses you.
The water moccasin bites you but does no damage.
Okay, then.
You miss the water moccasin.
* * * LOW HITPOINT WARNING * * *
You feel sick.
The water moccasin bites you but does no damage.
You barely miss the water moccasin.
* * * LOW HITPOINT WARNING * * *
You feel sick.
The water moccasin bites you but does no damage.
You hit the water moccasin. You freeze the water moccasin.
The water moccasin is lightly wounded.
* * * LOW HITPOINT WARNING * * *
You feel sick.
The water moccasin bites you but does no damage.
You hit the water moccasin.
The water moccasin seems to slow down.
You freeze the water moccasin.
The water moccasin is lightly wounded.
You die...

.## ..## ...# ##....
##♣.... ##.S.......#
##..........#
#..(........#
#..[.(.......##
#.............##
....(.......#..#######
..........##..#.....#
.......###........


You could see a water moccasin (slow).

Vanquished Creatures
  Crazy Yiuf (D:2)
  3 gnolls (D:3)
  2 adders (D:2)
  An adder zombie (D:3)
  3 dart slugs
  2 orcs
  4 endoplasms
  3 giant cockroaches
  6 goblins
  8 hobgoblins
  3 jackals (D:1)
  3 kobolds (D:1)
  2 quokkas
  8 ball pythons
  5 bats
  3 quokka skeletons (D:3)
  7 rats
64 creatures vanquished.

Vanquished Creatures (others)
  A fungus (D:3)
  6 plants (D:4)
7 creatures vanquished.

Grand Total: 71 creatures vanquished

Notes
Turn   | Place    | Note
-------+----------+-------------------------------------------
     0 | D:1      | Nattfarinn the Kobold Brigand began the quest for the Orb.
     0 | D:1      | Reached XP level 1. HP: 12/12 MP: 1/1
   121 | D:1      | Reached XP level 2. HP: 17/17 MP: 2/2
   536 | D:1      | Reached XP level 3. HP: 18/21 MP: 3/3
  1092 | D:2      | Found Madomeb's General Store.
  1097 | D:2      | Bought a scroll of identify for 24 gold pieces
  1191 | D:2      | Reached skill level 5 in Short Blades
  1270 | D:2      | Reached XP level 4. HP: 25/26 MP: 4/4
  1862 | D:2      | Found a runed translucent door.
  1865 | D:2      | Noticed Crazy Yiuf
  2019 | D:2      | Killed Crazy Yiuf
  2119 | D:3      | Reached XP level 5. HP: 31/31 MP: 5/5
  2543 | D:3      | Found a broken altar of Ashenzari.
  2552 | D:3      | Found an opulent altar of Gozag.
  2564 | D:3      | Became a worshipper of Ashenzari the Shackled
  2804 | D:3      | Reached skill level 6 in Stealth
  3069 | D:3      | Found a faded altar of an unknown god.
  3467 | D:4      | Noticed a water moccasin
  3482 | D:4      | Gained mutation: Your spells are a little harder to cast,
                  | but a little more powerful. [potion of mutation]
  3486 | D:4      | HP: 2/48 [poisoned by a water moccasin]
  3488 | D:4      | Succumbed to a water moccasin's poison

Illustrated notes

Levels and vault maps discovered:
D:1:      dpeg_arrival_houses_and_road, layout_basic, chequers_garden,
          hangedman_feature_mirror
D:2:      layout_loops_ring, serial_shops, nicolae_shop_advertising_works
          [nicolae_subvault_shop_adworks], uniq_crazy_yiuf_cottage
D:3:      layout_rooms, mainiacjoe_overflow_swirl, serial_undead,
          serial_undead_b, serial_undead_d, serial_undead_c, serial_undead_a,
          shapermc_ecumenical_altar_petra, grunt_ministairs_8
D:4:      cheibrodos_old_hovel, layout_cave_pods

Skill      XL: |  1  2  3  4  5 |
---------------+----------------+-----
Short Blades   | 3 4 5 |  5.8
Stealth        | 6 |  6.0
Fighting       | |  2.9
Throwing       | |  2.6
Dodging        | |  1.2

Action                   |  1- 3 |  4- 6 || total
-------------------------+-------+-------++-------
Melee: Dagger            |    97 |   126 ||   223
       Punch             |     1 |     2 ||     3
Throw: Dart              |     1 |    14 ||    15
  Use: Potion            |       |     7 ||     7
       Scroll            |       |     3 ||     3
 Stab: Sleeping          |    12 |    11 ||    23
       Distracted        |     2 |       ||     2
Armor: Robe              |    16 |    24 ||    40
       Skin              |       |     4 ||     4
Dodge: Dodged            |    42 |    81 ||   123

Table legend: (Time is in decaauts)
 A = Elapsed time spent in this place.
 B = Non-inter-level travel time spent in this place.
 C = Inter-level travel time spent in this place.
 D = Time resting spent in this place.
 E = Time spent auto-exploring this place.
 F = Levels seen in this place.
 G = Mean time per level.
                   A        B        C        D        E       F      G
               +--------+--------+--------+--------+--------+-----+--------+
         Total |   3429 |   3297 |    132 |    148 |   2672 |   4 |  857.2 |
       Dungeon |   3429 |   3297 |    132 |    148 |   2672 |   4 |  857.2 |
               +--------+--------+--------+--------+--------+-----+--------+

Top non-repeatable levels by time:
     D:3: 1156 daAuts
     D:1: 1053 daAuts
     D:2: 1009 daAuts
     D:4: 209 daAuts
